 Dungeon Crawl Stone Soup version 0.19-a0-1697-g0595f0e (webtiles) character file.

5569 Volcarius the Ducker (level 10, -11/96 HPs)
             Began as a Troll Berserker on Sept 5, 2016.
             Was a Priest of Trog.
             Mangled by an eight-headed hydra (12 damage)
             ... on level 12 of the Dungeon on Sept 27, 2016.
             The game lasted 00:42:37 (5473 turns).

Volcarius the Ducker (Troll Berserker)              Turns: 5473, Time: 00:42:39

Health: -11/96     AC:  7    Str: 37    XL:     10   Next: 44%
Magic:  9/9        EV: 13    Int:  3    God:    Trog [***...]
Gold:   412        SH: 12    Dex: 13    Spells: 0 memorised, 9 levels left

rFire  . . .     SeeInvis .     i - +8 short sword "Befaeg" {pierce, rC+ rN++ Str+4}
rCold  + . .     Gourm    +     a - +0 animal skin
rNeg   + + .     Faith    .     l - +0 shield
rPois  .         Spirit   .     (helmet restricted)
rElec  .         Dismiss  +     L - +0 cloak
rCorr  .         Reflect  .     (gloves unavailable)
MR     .....     Harm     .     (boots unavailable)
Stlth  ++........               D - amulet of dismissal
                                v - +2 ring of dexterity
                                g - +5 ring of strength

@: starving
A: unfitting armour, claws 3, fast metabolism 3, gourmand, regeneration 1,
shaggy fur 1, tough skin 2
a: Berserk, Trog's Hand, Burn Spellbooks, Renounce Religion


You were on level 12 of the Dungeon.
You worshipped Trog.
Trog was most pleased with you.
You were starving.

You visited 2 branches of the dungeon, and saw 13 of its levels.

You collected 412 gold pieces.

Inventory:

Hand Weapons
 f - a +0 spear
 i - the +8 short sword "Befaeg" (weapon) {pierce, rC+ rN++ Str+4}
   (You found it on level 7 of the Dungeon)

   It inflicts extra damage upon your enemies.
   It affects your strength (+4).
   It protects you from cold.
   It greatly protects you from negative energy.
 r - a +2 short sword of venom
 I - a +3 war axe
Missiles
 d - 211 stones
 e - 9 javelins (quivered)
 u - 13 poisoned needles
 J - 6 arrows
Armour
 a - a +0 animal skin (worn)
 j - a +0 robe
 l - a +0 shield (worn)
 y - a +0 robe
 K - a +0 scale mail
 L - a +0 cloak (worn)
Magical Staves
 w - an uncursed staff of conjuration {unknown}
Jewellery
 g - a +5 ring of strength (left claw)
 v - a +2 ring of dexterity (right claw)
 D - an amulet of dismissal (around neck)
 F - an uncursed amulet of the gourmand
Wands
 b - a wand of teleportation (2/9)
 h - a wand of polymorph (11/24)
 o - a wand of disintegration (13/24)
 q - a wand of paralysis (14/24)
 t - a wand of confusion (27/48)
 G - a wand of acid (8/15)
 H - a wand of paralysis (17/24)
Scrolls
 c - 5 scrolls of teleportation
 m - 4 scrolls of noise
 n - 4 scrolls of recharging
 p - 3 scrolls of enchant weapon
 A - 2 scrolls of immolation
 B - a scroll of amnesia
 C - 2 scrolls of remove curse
 E - 3 scrolls of blinking
Potions
 s - 2 potions of might
 x - a potion of haste
 z - a potion of cancellation
Miscellaneous
 k - a box of beasts


   Skills:
 + Level 5.1 Fighting
 + Level 6.6 Short Blades
 + Level 0.3 Throwing
 + Level 7.5 Dodging
 + Level 1.4 Stealth
 + Level 6.8 Shields
 + Level 4.0 Unarmed Combat


You had 9 spell levels left.
You didn't know any spells.

Dungeon Overview and Level Annotations

Branches:
Dungeon (12/15)            Temple (1/1) D:4
   Lair: D:8-11         Orc: D:9-12

Altars:
Ashenzari
Cheibriados
Dithmenos
Fedhas
Kikubaaqudgha
Makhleb
Nemelex Xobeh
Okawaru
Qazlal
Ru
Sif Muna
Trog
Uskayaw
Vehumet
Xom


Innate Abilities, Weirdness & Mutations

You are too large for most types of armour.
You have claws for hands.
Your metabolism is lightning-fast.
You like to eat raw meat.
Your natural rate of healing is unusually fast.
You are covered in fur. (AC +1)
You have very tough skin. (AC +2)


Message History

The eight-headed hydra bites you.
You hit the quokka.
You kill the quokka!
Trog accepts your kill.
You block the eight-headed hydra's attack.
The eight-headed hydra bites you!
The eight-headed hydra bites you but does no damage.
The eight-headed hydra bites you!
You block the eight-headed hydra's attack.
The eight-headed hydra bites you!
* * * LOW HITPOINT WARNING * * *
The eight-headed hydra closely misses you.
You block the eight-headed hydra's attack.
The eight-headed hydra bites you!
* * * LOW HITPOINT WARNING * * *
You block the eight-headed hydra's attack.
The eight-headed hydra bites you!
* * * LOW HITPOINT WARNING * * *
The eight-headed hydra bites you!
You die...

.......# #.#.#..#
....)..####.>....#####.#
.............<.........#
...........##......##.#
......#...........#...
##(.(#####.##..#.##.#.#.
##.(# #.#............
#.(# #.....D..#.#.#
###.(# ###...#@># ..
.(((.# ##.##?.# . ###.##
#.##..# ##)##### #. >..#
#......## .. ....
#...#...###......##
#......... ....#
#...#...## .#.#.#
#.####.##


You could see an eight-headed hydra.

Vanquished Creatures
  A manticore (D:12)
  A centaur zombie (D:12)
  2 centaur skeletons
  2 hippogriffs
  A centaur simulacrum (D:12)
  A spriggan (D:7)
  A wraith (D:11)
  4 yaks (D:12)
  The ghost of crawdingle the Shooter, an amateur CeHu (D:3)
  3 orc warriors
  A sky beast (D:12)
  3 ice beasts
  3 ogres
  7 centaurs (D:12)
  2 big kobolds
  4 bullfrogs
  A wyvern skeleton (D:7)
  A scorpion (D:8)
  A howler monkey (D:4)
  A wight (D:7)
  A bullfrog zombie (D:12)
  5 hounds
  A wasp zombie (D:12)
  2 jellies
  An orc priest (D:9)
  3 bullfrog skeletons
  An iguana (D:5)
  4 orc wizards
  A worker ant (D:11)
  2 worker ant zombies
  2 gnolls (D:8)
  8 adders
  A worm (D:2)
  2 dart slugs
  3 leopard geckos
  19 orcs
  A ball python (D:2)
  3 goblins
  5 hobgoblins
  9 jackals
  2 quokkas
  3 bats
  6 frilled lizards
  12 kobolds
  A quokka skeleton (D:4)
  2 rats (D:3)
141 creatures vanquished.

Vanquished Creatures (others)
  A wizard (D:7)
  An orc wizard (D:9)
2 creatures vanquished.

Grand Total: 143 creatures vanquished

Notes
Turn   | Place    | Note
-------+----------+-------------------------------------------
     0 | D:1      | Volcarius the Troll Berserker began the quest for the Orb.
     0 | D:1      | Reached XP level 1. HP: 22/22 MP: 0/0
   142 | D:1      | Found a snail-covered altar of Cheibriados.
   233 | D:1      | Reached XP level 2. HP: 27/29 MP: 1/1
   353 | D:2      | Reached XP level 3. HP: 35/36 MP: 2/2
   356 | D:2      | Reached skill level 3 in Dodging
   761 | D:2      | Reached ** piety under Trog
   796 | D:3      | Reached XP level 4. HP: 37/44 MP: 3/3
  1019 | D:3      | Noticed crawdingle's ghost (amateur CeHu)
  1089 | D:3      | Killed crawdingle's ghost
  1089 | D:3      | Reached skill level 4 in Dodging
  1089 | D:3      | Reached XP level 5. HP: 10/53 MP: 4/4
  1230 | D:3      | Reached XP level 6. HP: 61/61 MP: 5/5
  1429 | D:4      | Upgraded the game from 0.19-a0-1454-g889e34b to 0.19-a0-1697-g0595f0e
  1639 | D:4      | Found a staircase to the Ecumenical Temple.
  1650 | Temple   | Entered the Ecumenical Temple
  2209 | D:4      | Reached skill level 1 in Shields
  2256 | D:5      | Entered Level 5 of the Dungeon
  2439 | D:6      | Noticed an ice beast
  2455 | D:6      | Killed an ice beast
  2455 | D:6      | Reached skill level 1 in Short Blades
  2484 | D:7      | Reached skill level 5 in Dodging
  2484 | D:7      | Reached XP level 7. HP: 37/67 MP: 6/6
  2761 | D:7      | Noticed a spriggan baker
  2776 | D:7      | Killed a spriggan baker
  2878 | D:7      | Got an encrusted short sword
  2985 | D:7      | Found a bloodstained altar of Trog.
  2987 | D:7      | Noticed a wizard
  2992 | D:7      | Killed a wizard
  3223 | D:8      | Reached XP level 8. HP: 66/76 MP: 7/7
  3378 | D:8      | Found a shadowy altar of Dithmenos.
  3494 | D:8      | Reached *** piety under Trog
  3616 | D:9      | HP: 1/78 [orc wizard/magic dart (8)]
  3759 | D:9      | Noticed a hippogriff
  3773 | D:9      | Killed a hippogriff
  3773 | D:9      | Reached skill level 6 in Dodging
  3971 | D:10     | Entered Level 10 of the Dungeon
  3992 | D:10     | Identified the +8 short sword "Befaeg" {pierce, rC+ rN++ Str+4} (You found it on level 7 of the Dungeon)
  4028 | D:10     | Reached XP level 9. HP: 84/84 MP: 8/8
  4323 | D:11     | Reached skill level 5 in Short Blades
  4323 | D:11     | Reached skill level 5 in Shields
  4441 | D:11     | Reached skill level 1 in Stealth
  4479 | D:12     | Noticed an eight-headed hydra
  4737 | D:12     | Noticed a manticore
  4752 | D:12     | HP: 3/85 [manticore/volley of spikes (20)]
  4767 | D:12     | Killed a manticore
  4767 | D:12     | Reached skill level 7 in Dodging
  4767 | D:12     | Reached XP level 10. HP: 11/94 MP: 9/9
  4955 | D:12     | Reached skill level 5 in Fighting
  5473 | D:12     | HP: 1/96 [eight-headed hydra (15)]
  5473 | D:12     | Mangled by an eight-headed hydra

Vault maps used:
D:1:      dpeg_arrival_arbitrary_a, nrook_mini_vaults, cheibriados_altar_1
D:4:      first_bread, minmay_distorted
D:5:      nicolae_tso_swordbearing_angel, grunt_temple_overflow_open,
          fedhas_altar_4
D:7:      lemuel_mausoleum_altar_yredelemnul, the_bakery, trog_wizard,
          uniq_crazy_yiuf_cottage
D:8:      kennysheep_housing_project, zin_scriptorium, grunt_dithmenos_smoke
D:9:      hangedman_abyss_or_decor_slice
D:11:     grunt_lair_entry_orc_guard_hut, hiddenorc2_lemuel,
          nicolae_qazlal_style_of_elements
D:12:     special_room, hangedman_weighted_door, minivault_22
Temple:   nicolae_temple_great_sept

Skill      XL: |  1  2  3  4  5  6  7  8  9 10 |
---------------+-------------------------------+-----
Dodging        | 3 4 5 6 7 |  7.5
Fighting       | 3 4 5 |  5.1
Unarmed Combat | 4 |  4.0
Shields        | 2 3 4 6 |  6.8
Short Blades   | 1 2 4 6 |  6.6
Stealth        | 1 |  1.4
Throwing       | |  0.3

Action                   |  1- 3 |  4- 6 |  7- 9 | 10-12 || total
-------------------------+-------+-------+-------+-------++-------
Melee: Unarmed           |    70 |    32 |       |       ||   102
       Punch             |     1 |       |       |       ||     1
       Short sword       |       |   120 |   325 |    82 ||   527
Throw: Stone             |       |       |     3 |       ||     3
       Javelin           |       |       |       |     2 ||     2
Invok: Trog's Hand       |       |     3 |     5 |     1 ||     9
  Use: Potion            |       |     2 |     2 |     2 ||     6
       Scroll            |       |     6 |     7 |       ||    13
  Eat: Bread ration      |     1 |     4 |     4 |     1 ||    10
       Beef jerky        |       |     1 |       |       ||     1
       Meat ration       |       |       |     1 |       ||     1
Armor: Animal skin       |    22 |    82 |    72 |    19 ||   195
       Skin              |       |       |     6 |     1 ||     7
Dodge: Dodged            |    37 |    87 |   115 |    57 ||   296
Block: Shield            |       |    87 |   186 |    86 ||   359
